 Dungeon Crawl Stone Soup version 0.31.0-9-g3a7656b989 (webtiles) character file.

Game seed: 1527264390720990967

442 qw the Ducker (level 6, 0/30 HPs)
             Began as a Spriggan Hunter on Feb 2, 2024.
             Slain by an ogre
             ... wielding a +0 giant club
              (19 damage)
             ... on level 5 of the Dungeon.
             The game lasted 00:00:10 (2154 turns).

qw the Ducker (Spriggan Hunter)                     Turns: 2154, Time: 00:00:11

Health: 0/30       AC:  2    Str:  7    XL:     6   Next: 71%
Magic:  7/7        EV: 22    Int: 11    God:
Gold:   162        SH:  0    Dex: 20    Spells: 5/5 levels left

rFire   . . .        a - +1 shortbow
rCold   . . .        (shield currently unavailable)
rNeg    . . .        c - +0 robe
rPois   +            (helmet restricted)
rElec   .            (no cloak)
rCorr   .            (gloves unavailable)
SInv    +            (boots unavailable)
Will    +....        (no amulet)
Stlth   ++           d - ring of poison resistance
HPRegen 0.25/turn    (no ring)
MPRegen 0.10/turn

%: no passive effects
@: very quick
A: very small, no large weapons, unfitting armour, see invisible, speed 3
a: no special abilities


You were on level 5 of the Dungeon.
You visited 1 branch of the dungeon, and saw 4 of its levels.

You collected 162 gold pieces.


Innate Abilities, Weirdness & Mutations

You are very small and have problems with some larger weapons.
You are too small for most types of armour.
You have supernaturally acute eyesight. (SInv)
You cover ground extremely quickly. (Speed+++)


   Skills:
 - Level 2.0 Fighting
 + Level 6.4 Ranged Weapons
 - Level 6.6 Dodging
 - Level 1.5 Stealth


You had 5 spell levels left.
You didn't know any spells.
Your spell library was empty.

Inventory:

Hand Weapons
 a - a +1 shortbow (weapon)
Armour
 c - a +0 robe (worn)
Jewellery
 d - a ring of poison resistance (left hand)
 g - a +4 ring of protection
Scrolls
 e - a scroll of fear {unknown}
Potions
 b - a potion of might {unknown}
 f - 3 potions of curing
 h - a potion of heal wounds
 i - a potion of mutation {unknown}
 j - a potion of enlightenment {unknown}
 k - a potion of degeneration {unknown}

Dungeon Overview and Level Annotations

Branches:
Dungeon (3/15)

Altars:


Message History

The shadow imp gestures at you. You resist with significant effort.
You shoot an arrow. The arrow hits the shadow imp!
You kill the shadow imp!
An adder comes into view.
You shoot an arrow. The arrow misses the adder.
You shoot an arrow. The arrow hits the adder.
The adder is heavily wounded.
You shoot an arrow. The arrow hits the adder.
You kill the adder!
Found a book of Minor Magic.
You now have 162 gold pieces (gained 12).
e - a scroll labelled UPANTE QOMUP
h - a potion of heal wounds 2 orcs and an orc priest come into view.
The orc priest shouts!
You hear a shout! x2; You hear an angry hiss.
The orc priest mumbles some strange prayers to Beogh against you.
Beogh smites you!
An orc comes into view. It is wielding a +0 short sword.
You shoot an arrow. The orc shouts!
The arrow hits the orc.
The orc is severely wounded.
An ogre comes into view. It is wielding a +0 giant club.
You shoot an arrow. The arrow closely misses the orc.
You shoot an arrow. The arrow hits the ogre!
The ogre is moderately wounded.
An adder comes into view.
The ogre misses you.
An orc comes into view. It is wielding a +0 falchion.
You shoot an arrow. The arrow hits the ogre.
The ogre is heavily wounded.
The ogre closely misses you.
You shoot an arrow. The arrow hits the ogre!
The ogre is severely wounded.
You shoot an arrow. The arrow hits the ogre.
The ogre is almost dead.
The ogre hits you with a +0 giant club!!
Ouch! That really hurt!
You die...

#........#
#........#
#..:.....#
#........##
########..#
##.# #.##
#..#####
##...@.#
#####O#


ooo #oS.. ..### ... ##. .. You could see an ogre, an orc priest, an adder and 3
orcs.

Vanquished Creatures
  2 water moccasins
  A jelly (D:5)
  Robin (D:3)
  5 gnolls
  3 adders
  A shadow imp (D:5)
  2 dart slugs (D:1)
  2 ribbon worms (D:2)
  3 orcs (D:3)
  8 ball pythons
  7 bats
  6 endoplasms
  2 giant cockroaches (D:1)
  14 goblins
  10 hobgoblins
  3 jackals (D:3)
  9 kobolds
  5 quokkas
  4 frilled lizards
  7 rats
95 creatures vanquished.

Notes
Turn   | Place    | Note
-------+----------+-------------------------------------------
     0 | D:1      | qw the Spriggan Hunter began the quest for the Orb.
     0 | D:1      | Reached XP level 1. HP: 10/10 MP: 2/2
     0 | D:1      | 0 ||| qw: Version: 0.3-a-155-g5e7d8dd
     0 | D:1      | 0 ||| qw: Game counter: 357
     0 | D:1      | 0 ||| qw: Melee chars always use a shield: true
     0 | D:1      | 0 ||| qw: God list: Okawaru
     0 | D:1      | 0 ||| qw: Allow faded altars: false
     0 | D:1      | 0 ||| qw: Do Orc after clearing Dungeon:15 true
     0 | D:1      | 0 ||| qw: Do second Lair branch before Depths: true
     0 | D:1      | 0 ||| qw: Lair rune preference: random
     0 | D:1      | 0 ||| qw: Goals: Normal
     0 | D:1      | 0 ||| PLANNING D:1-11
    24 | D:1      | Reached skill level 3 in Dodging
    89 | D:1      | Reached XP level 2. HP: 14/14 MP: 3/3
   236 | D:1      | Reached XP level 3. HP: 18/18 MP: 4/4
   260 | D:1      | HP: 4/18 [gnoll/+0 club (8)]
   568 | D:1      | 568 ||| UPGRADING to ring of poison resistance.
   569 | D:1      | 569 ||| READING scroll labelled VATRUL COLY.
   570 | D:1      | 570 ||| DROPPING scroll of butterflies.
   884 | D:2      | Reached XP level 4. HP: 22/22 MP: 5/5
  1244 | D:2      | Found a faded altar of an unknown god.
  1527 | D:2      | 1527 ||| READING 3 scrolls labelled CONEUD XAKHLAL.
  1527 | D:2      | 1527 ||| IDENTIFYING white potion
  1528 | D:2      | 1528 ||| READING 2 scrolls of identify.
  1528 | D:2      | 1528 ||| IDENTIFYING bubbling white potion
  1529 | D:2      | 1529 ||| READING scroll of identify.
  1529 | D:2      | 1529 ||| IDENTIFYING red potion
  1530 | D:2      | 1530 ||| READING scroll labelled ODINEIH BUETEG.
  1530 | D:2      | 1530 ||| ENCHANTING +0 shortbow.
  1708 | D:3      | Reached XP level 5. HP: 26/26 MP: 6/6
  1782 | D:3      | Noticed Robin
  1801 | D:3      | Killed Robin
  1802 | D:3      | HP: 3/26 [goblin/+0 club[Robin] (6)]
  1803 | D:3      | 1803 ||| DRINKING potion of heal wounds.
  1867 | D:3      | Noticed a water moccasin
  1868 | D:3      | 1868 ||| DRINKING potion of haste.
  1886 | D:3      | Killed a water moccasin
  1887 | D:3      | Reached skill level 6 in Ranged Weapons
  1887 | D:3      | Reached XP level 6. HP: 10/30 MP: 7/7
  1891 | D:3      | HP: 7/30 [poisoned by a water moccasin]
  2019 | D:3      | You fall into a shaft and drop 2 floors!
  2019 | D:5      | Entered Level 5 of the Dungeon
  2060 | D:5      | Noticed a water moccasin
  2075 | D:5      | Killed a water moccasin
  2076 | D:5      | Reached skill level 6 in Dodging
  2154 | D:5      | Slain by an ogre

Levels and vault maps discovered:
D:1:      lightli_arrival_quake, layout_rooms, kennysheep_doodads,
          minmay_misc_feat_diagonals, minmay_tetromino_s4
D:2:      kennysheep_the_goblin_king, layout_loops_corners,
          dilly_ecumenical_altar_fadedgnrine, st_stairs_2,
          kennysheep_another_room
D:3:      layout_basic, nicolae_dithmenos_through_a_glass_darkly, uniq_robin
D:5:      layout_basic, st_stairs_11

Skill      XL: |  1  2  3  4  5  6 |
---------------+-------------------+-----
Dodging        | 3 4 5 6 |  6.6
Ranged Weapons | 5 6 |  6.4
Fighting       | 2 |  2.0
Stealth        | |  1.5

Action                     |  1- 3 |  4- 6 || total
---------------------------+-------+-------++-------
   Fire: Shortbow          |   103 |   195 ||   298
    Use: Scroll            |     1 |     4 ||     5
         Potion            |       |     2 ||     2
 Armour: Robe              |     9 |    40 ||    49
  Dodge: Dodged            |    33 |   134 ||   167

Table legend:
 A = Non-vault XP
 B = Vault XP
 C = Vault XP percentage of total XP
 D = Non-vault monster count
 E = Vault monster count
 F = Vault count percentage of total count
                 A         B        C        D         E       F
            +---------+---------+-------+---------+---------+-------
      Total |     402 |     230 |  36.4 |      69 |      26 |  27.4
            +---------+---------+-------+---------+---------+-------
        D:1 |      74 |       4 |   5.1 |      27 |       2 |   6.9
        D:2 |      44 |      16 |  26.7 |      18 |       9 |  33.3
        D:3 |     229 |      35 |  13.3 |      22 |      12 |  35.3
        D:5 |      55 |     175 |  76.1 |       2 |       3 |  60.0
            +---------+---------+-------+---------+---------+-------
